 Dungeon Crawl Stone Soup version 0.22-a0-429-g97ce8ef (webtiles) character file.

154 JeffiDaFish the Gusty (level 5, -2/38 HPs)
             Began as a Draconian Air Elementalist on May 26, 2018.
             Slain by a kobold
             ... wielding a cursed +0 dagger
              (6 damage)
             ... on level 3 of the Dungeon.
             The game lasted 00:11:35 (2809 turns).

JeffiDaFish the Gusty (Draconian Air Elementalist)  Turns: 2809, Time: 00:11:36

Health: -2/38      AC:  7    Str: 10    XL:     5   Next: 13%
Magic:  0/10       EV: 12    Int: 17    God:
Gold:   205        SH:  4    Dex: 11    Spells: 4/10 levels left

rFire    . . .     SeeInvis .   f - +2 dagger (venom)
rCold    . . .     Gourm    .   h - +1 buckler
rNeg     . . .     Faith    .   (armour unavailable)
rPois    .         Spirit   .   (helmet restricted)
rElec    .         Reflect  .   g - +0 cloak
rCorr    .         Harm     .   (no gloves)
MR       .....                  o - +0 pair of boots
Stlth    ++........             (no amulet)
HPRegen  0.12/turn              (no ring)
MPRegen  0.12/turn              (no ring)

@: sluggish, very slightly contaminated, very slow
A: unfitting armour, cold-blooded, AC +5
a: no special abilities


You were on level 3 of the Dungeon.
You were hungry.

You visited 1 branch of the dungeon, and saw 3 of its levels.

You collected 205 gold pieces.

Inventory:

Hand Weapons
 e - a +1 short sword of venom
 f - a +2 dagger of venom (weapon)
Armour
 g - a +0 cloak (worn)
 h - a +1 buckler (worn)
 o - a +0 pair of boots (worn)
Jewellery
 i - a cursed -4 ring of dexterity {unknown}
Scrolls
 a - a scroll of teleportation
 c - 2 scrolls of magic mapping
 d - a scroll of remove curse
Potions
 j - a potion of flight
 k - a potion of curing
 l - 2 potions of heal wounds
 m - a potion of brilliance
Comestibles
 b - 6 rations
 n - 4 chunks of flesh


   Skills:
 - Level 2.0 Dodging
 - Level 1.8 Stealth
 * Level 1.6 Shields
 * Level 3.4 Spellcasting
 * Level 2.5 Conjurations
 + Level 3.5 Air Magic


You had 4 spell levels left.
You knew the following spells:

 Your Spells              Type           Power        Failure   Level  Hunger
a - Shock                 Conj/Air       ##..         7%          1    None
b - Static Discharge      Conj/Air       ##......     21%         3    ###....
c - Swiftness             Chrm/Air       #.......     17%         2    ##.....

Your spell library contained the following spells:

 Spells                   Type           Power        Failure   Level  Hunger
 Lightning Bolt           Conj/Air       ##........   88%         5    ######.
 Airstrike                Air            ###.......   45%         4    ####...


Dungeon Overview and Level Annotations

Branches:
Dungeon (3/15)

Altars:
Trog


Innate Abilities, Weirdness & Mutations

Your plain brown scales are hard. (AC +5)
You cannot fit into any form of body armour.
You are cold-blooded and may be slowed by cold attacks.


Message History

Natasha is moderately wounded.
Natasha claws you!
* * * LOW HITPOINT WARNING * * *
The kobold hits you but does no damage.
You hit Natasha.
Natasha looks as sick as possible!
Natasha is severely wounded.
Natasha wildly gestures.
Natasha glows brightly for a moment.
Natasha claws you.
* * * LOW HITPOINT WARNING * * *
The kobold drinks a potion.
The kobold seems to speed up.
The kobold closely misses you.
You kill Natasha!
Natasha screams in pain as she dies!
You have reached level 5!
The kobold hits you but does no damage.
You start to feel a little faster.
The kobold closely misses you. The kobold hits you with a dagger.
You die...

#.#.# .. #.#.# ... #.#.#
##.. #...# ...
####..####.####.
..[.............
#####.............#####
#.....@KK..#........÷.#
#.###.####........###.#
.......#...###.####.###.#
###.###.##.# .........†#
#.##.# .####.##<.# #.##.#
#.# #.##..# #.####.##.#
#.# ..#..# #........)#
#.# #.#.÷# #.###.#####
#.# ##.#..#


You could see 2 kobolds.

Vanquished Creatures
  A crimson imp (D:3)
  Natasha (D:3)
  3 adders (D:2)
  A dart slug (D:1)
  3 leopard geckos
  2 giant cockroaches
  6 goblins
  4 hobgoblins
  9 jackals (D:1)
  12 kobolds
  A ball python (D:3)
  5 bats
  2 frilled lizards
  9 rats
59 creatures vanquished.

Notes
Turn   | Place    | Note
-------+----------+-------------------------------------------
     0 | D:1      | JeffiDaFish the Draconian Air Elementalist began the quest for the Orb.
     0 | D:1      | Reached XP level 1. HP: 14/14 MP: 3/3
   410 | D:1      | Reached XP level 2. HP: 19/20 MP: 0/5
   455 | D:1      | HP: 1/20 [hobgoblin/club (3)]
   476 | D:1      | HP: 1/20 [hobgoblin/club (2)]
   531 | D:1      | HP: 1/20 [hobgoblin (3)]
   621 | D:1      | Reached XP level 3. HP: 8/26 MP: 0/7
  1107 | D:1      | Learned a level 3 spell: Static Discharge
  1494 | D:2      | Learned a level 2 spell: Swiftness
  1499 | D:2      | Found a bloodstained altar of Trog.
  1561 | D:2      | Found a faded altar of an unknown god.
  2023 | D:2      | Reached XP level 4. HP: 33/33 MP: 5/8
  2659 | D:3      | Noticed Natasha
  2724 | D:3      | Reached skill level 1 in Shields
  2807 | D:3      | Killed Natasha
  2807 | D:3      | Reached XP level 5. HP: 4/38 MP: 0/10
  2809 | D:3      | Slain by a kobold

Vault maps used:
D:1:      elethiomel_arrival_maze, st_stairs_12, minmay_close_crescents
D:2:      bloody_trog, chequers_ecumenical_altar_island
D:3:      lemuel_crystal_altar, uniq_ijyb, uniq_natasha

Skill      XL: |  1  2  3  4 |
---------------+-------------+-----
Dodging        | 2 |  2.0
Spellcasting   | 3 |  3.4
Conjurations   | 2 |  2.5
Shields        | 1 |  1.6
Stealth        | |  1.8
Air Magic      | |  3.5

Action                   |  1- 3 |  4- 6 || total
-------------------------+-------+-------++-------
Melee: Dagger            |    54 |    17 ||    71
       Tailslap          |     7 |     1 ||     8
       Short sword       |    21 |       ||    21
 Cast: Shock             |    65 |    20 ||    85
       Swiftness         |     1 |     1 ||     2
       Static Discharge  |       |     1 ||     1
  Use: Scroll            |     7 |     1 ||     8
       Potion            |     6 |     1 ||     7
 Stab: Sleeping          |     2 |       ||     2
  Eat: Chunk             |     4 |     2 ||     6
Armor: Skin              |    33 |     8 ||    41
Dodge: Dodged            |    70 |    14 ||    84
Block: Buckler           |     3 |     3 ||     6

Table legend:
 A = Spawn XP
 B = Non-spawn XP
 C = Spawn XP percentage of total XP
 D = Spawn monster count
 E = Non-spawn monster count
 F = Spawn count percentage of total count
 G = Total turns spent on level
                    A         B        C        D         E        F      G
               +---------+---------+-------+---------+---------+-------+---------
         Total |       0 |     220 |   0.0 |       0 |      59 |   0.0 |  2809
               +---------+---------+-------+---------+---------+-------+---------
           D:1 |       0 |      72 |   0.0 |       0 |      41 |   0.0 |  1482
           D:2 |       0 |      55 |   0.0 |       0 |      12 |   0.0 |  1157
           D:3 |       0 |      93 |   0.0 |       0 |       6 |   0.0 |   170
               +---------+---------+-------+---------+---------+-------+---------
